 Dungeon Crawl Stone Soup version 0.22-a0-348-gd16d139 (webtiles) character file.

53 xccam the Slasher (level 3, -8/31 HPs)
             Began as a Draconian Monk on Apr 7, 2018.
             Mangled by Sigmund
             ... wielding a +0 scythe
              (12 damage)
             ... on level 2 of the Dungeon.
             The game lasted 00:01:36 (1072 turns).

xccam the Slasher (Draconian Monk)                  Turns: 1072, Time: 00:01:37

Health: -8/31      AC:  6    Str: 19    XL:     3   Next: 64%
Magic:  3/3        EV: 13    Int: 10    God:
Gold:   81         SH:  0    Dex: 13    Spells: 2/2 levels left

rFire    . . .     SeeInvis .   a - +0 falchion
rCold    . . .     Gourm    .   (no shield)
rNeg     . . .     Faith    .   (armour unavailable)
rPois    .         Spirit   .   (helmet restricted)
rElec    .         Reflect  .   (no cloak)
rCorr    .         Harm     .   o - +0 pair of gloves
MR       .....                  (no boots)
Stlth    +.........             (no amulet)
HPRegen  0.10/turn              (no ring)
MPRegen  0.08/turn              (no ring)

@: confused, mighty, flying
A: unfitting armour, cold-blooded, AC +5
a: no special abilities


You were on level 2 of the Dungeon.
You were not hungry.

You visited 1 branch of the dungeon, and saw 2 of its levels.

You collected 81 gold pieces.

Inventory:

Hand Weapons
 a - a +0 falchion (weapon)
Armour
 o - a +0 pair of gloves (worn)
Scrolls
 d - 2 scrolls of remove curse {unknown}
 f - 2 scrolls of enchant weapon {unknown}
 h - a scroll of enchant armour {unknown}
 i - a scroll of blinking {unknown}
 l - a scroll of identify {unknown}
 p - a scroll of teleportation {unknown}
Potions
 c - a potion of haste {unknown}
 e - a potion of agility {unknown}
 g - 2 potions of flight
 j - a potion of berserk rage {unknown}
Comestibles
 b - 4 rations


   Skills:
 - Level 3.2 Fighting
 + Level 4.7 Long Blades
 - Level 2.6 Dodging
 - Level 1.7 Stealth


You had 2 spell levels left.
You didn't know any spells.

Dungeon Overview and Level Annotations

Branches:
Dungeon (2/15)

Altars:

Annotations:
D:2 Sigmund


Innate Abilities, Weirdness & Mutations

Your plain brown scales are hard. (AC +5)
You cannot fit into any form of body armour.
You are cold-blooded and may be slowed by cold attacks.


Message History

A goblin comes into view. It is wielding a club.
It was a potion of might.
You feel very mighty all of a sudden.
The goblin shouts!
You hear an angry hiss.
A puff of flame appears from out of thin air!
The puff of flame hits you!
A magic dart appears from out of thin air!
The magic dart hits you! Something hits you.
* * * LOW HITPOINT WARNING * * *
You slash something!
Your tail-slap misses something.
You slash something!
Your tail-slap misses something.
Something hits you.
* * * LOW HITPOINT WARNING * * *
The goblin barely misses you.
You riposte.
You closely miss the goblin. You barely miss something.
Your tail-slap misses something.
The goblin hits you but does no damage.
You hear some strange, mumbled words.
You are confused.
You miss something. The goblin misses you. Something hits you!
You die...

...## #.......
#...###### #.........#
#.#......##########.....
#.######..†..### ##.....
#.# ##....>....##.......
#.###....†...#.....!....
#.##..........##........
#.##..........##........
#.##............@{......
#...........##g......
#..........###.......
##..............l....
#..........#####.....
#..........# #####
#..........#
#..........#
#..........#


You could see a goblin and a frilled lizard.

Vanquished Creatures
  2 adders (D:2)
  A worm (D:2)
  2 dart slugs (D:2)
  A ball python (D:1)
  2 giant cockroaches
  2 hobgoblins (D:1)
  4 jackals (D:1)
  2 quokkas (D:2)
  6 bats
  3 frilled lizards (D:1)
  4 goblins
  A rat (D:1)
30 creatures vanquished.

Notes
Turn   | Place    | Note
-------+----------+-------------------------------------------
     0 | D:1      | xccam the Draconian Monk began the quest for the Orb.
     0 | D:1      | Reached XP level 1. HP: 19/19 MP: 1/1
   250 | D:1      | Reached XP level 2. HP: 18/26 MP: 2/2
   785 | D:2      | Reached skill level 4 in Long Blades
   792 | D:2      | Reached XP level 3. HP: 23/31 MP: 3/3
  1060 | D:2      | Noticed Sigmund
  1072 | D:2      | Mangled by Sigmund

Vault maps used:
D:1:      ncdulo_watergridlock, minivault_24
D:2:      first_ration, mrwooster_statue_mirror, uniq_sigmund

Skill      XL: |  1  2 |
---------------+-------+-----
Long Blades    | 4 |  4.7
Fighting       | |  3.2
Dodging        | |  2.6
Stealth        | |  1.7

Action                   || total
-------------------------++-------
Melee: Falchion          ||   107
       Tailslap          ||    13
  Use: Potion            ||     3
 Stab: Sleeping          ||     2
  Eat: Chunk             ||     1
Armor: Skin              ||    47
Dodge: Dodged            ||    95
       Rpst.: Falchion   ||    26

Table legend:
 A = Spawn XP
 B = Non-spawn XP
 C = Spawn XP percentage of total XP
 D = Spawn monster count
 E = Non-spawn monster count
 F = Spawn count percentage of total count
 G = Total turns spent on level
                    A         B        C        D         E        F      G
               +---------+---------+-------+---------+---------+-------+---------
         Total |       0 |      77 |   0.0 |       0 |      30 |   0.0 |  1072
               +---------+---------+-------+---------+---------+-------+---------
           D:1 |       0 |      27 |   0.0 |       0 |      19 |   0.0 |   778
           D:2 |       0 |      50 |   0.0 |       0 |      11 |   0.0 |   294
               +---------+---------+-------+---------+---------+-------+---------
